 Dungeon Crawl Stone Soup version 0.28-a0-401-ge240ad9e29 (webtiles) character file.

Game seed: 9975154523872247539

35 mistaj the Skirmisher (level 3, 0/20 HPs)
             Began as a Vine Stalker Fighter on Sept 4, 2021.
             Succumbed to Jessica's poison
             ... on level 2 of the Dungeon.
             The game lasted 00:02:06 (2207 turns).

mistaj the Skirmisher (Vine Stalker Fighter)        Turns: 2207, Time: 00:02:07

Health: 0/20       AC:  7    Str: 18    XL:     3   Next: 35%
Magic:  0/4        EV:  5    Int:  9    God:
Gold:   45         SH: 12    Dex: 13    Spells: 2/2 levels left

rFire   . . .      SeeInvis .   a - +0 rapier
rCold   . . .      Faith    .   g - +0 tower shield
rNeg    . . .      Spirit   +   b - +0 scale mail
rPois   .          Reflect  .   (no helmet)
rElec   .          Harm     .   (no cloak)
rCorr   .          Rampage  .   h - +0 pair of gloves
Will    .....                   (no boots)
Stlth   ..........              (no amulet)
HPRegen 0.06/turn               (no ring)
MPRegen 0.09/turn               (no ring)

@: lethally poisoned (0 -> -20)
A: fangs 2, magic shield, antimagic bite, no potion heal 2
a: no special abilities


You were on level 2 of the Dungeon.
You visited 1 branch of the dungeon, and saw 2 of its levels.

You collected 45 gold pieces.

Inventory:

Hand Weapons
 a - a +0 rapier (weapon)
Armour
 b - a +0 scale mail (worn)
 g - a +0 tower shield (worn)
 h - a +0 pair of gloves (worn)
Scrolls
 c - a scroll of vulnerability {unknown}
 e - a scroll of identify {unknown}
 j - a scroll of enchant armour {unknown}
Potions
 d - a potion of might
 f - a potion of magic {unknown}
 i - a potion of heal wounds {unknown}


   Skills:
 + Level 3.1 Fighting
 + Level 2.4 Short Blades
 - Level 2.4 Armour
 + Level 3.1 Shields


You had 2 spell levels left.
You didn't know any spells.
Your spell library was empty.

Dungeon Overview and Level Annotations

Branches:
Dungeon (2/15)

Altars:


Innate Abilities, Weirdness & Mutations

You have extremely sharp teeth.
When hurt, damage is shared between your health and your magic reserves.
Your bite disrupts and absorbs the magic of your enemies.
Potions cannot restore your health.


Message History

No target in view!
No target in view!
Found a stone staircase leading up.
Jessica the Apprentice Sorceress comes into view.
She is wielding a +2 dagger of venom.
Found 17 bolts.
Jessica shouts!
Jessica mumbles some strange words.
Jessica seems to speed up.
You start waiting.
Jessica is nearby!
Jessica mumbles something strange.
You block Jessica's attack.
You closely miss Jessica. Your bite misses Jessica. Jessica barely misses you.
You block Jessica's attack.
You hit Jessica but do no damage. Jessica gestures at you while chanting.
Pain shoots through your body!
Jessica points at you and mumbles some strange words.
You barely resist.
Your scale mail prevents you from hitting Jessica.
Your bite misses Jessica.
Jessica hits you with a +2 dagger of venom.
You are lethally poisoned!
You block Jessica's attack.
You are too injured to fight recklessly!
You are too injured to fight recklessly!
You are too injured to fight recklessly!
You are too injured to fight recklessly!
Unknown command.
You puncture Jessica!
Jessica is almost dead.
* * * LOW HITPOINT WARNING * * *
You feel very sick.
Jessica hits you with a +2 dagger of venom.
* * * LOW HITPOINT WARNING * * *
You are more poisoned.
Jessica drinks a potion.
Jessica is healed!
You block Jessica's attack.
You puncture Jessica!
You kill Jessica!
You die...

##### ...#
##.### #..).#
#.##@#
#(##.######..#
#.#...........
#.#.#.#####..#
#@#.#.#
#.#.#.########
#.#.#.......<.
#.#.##..#.###.
.#.#.
#........


There were no monsters in sight!

Vanquished Creatures
  Jessica (D:2)
  A dart slug (D:1)
  4 bats (D:1)
  5 endoplasms
  2 giant cockroaches (D:1)
  4 goblins
  2 hobgoblins
  6 kobolds
  A quokka (D:2)
  2 ball pythons (D:1)
28 creatures vanquished.

Notes
Turn   | Place    | Note
-------+----------+-------------------------------------------
     0 | D:1      | mistaj the Vine Stalker Fighter began the quest for the
                  | Orb.
     0 | D:1      | Reached XP level 1. HP: 11/11 MP: 2/2
   475 | D:1      | Reached XP level 2. HP: 15/16 MP: 3/3
   581 | D:1      | Found a faded altar of an unknown god.
  1535 | D:1      | Reached XP level 3. HP: 20/20 MP: 4/4
  2197 | D:2      | Noticed Jessica
  2207 | D:2      | Killed Jessica
  2207 | D:2      | Succumbed to Jessica's poison

Illustrated notes

Levels and vault maps discovered:
D:1:      evilmike_arrival_rings, layout_basic,
          hellmonk_ecumenical_altar_pennies_from_heaven, minmay_surrounded
D:2:      layout_loops_ring, serial_co_window_serial, co_window_corner_a,
          co_window_of_opportunity_a, co_window_cross_1,
          co_window_of_opportunity_a, co_window_of_opportunity_a,
          co_window_unsneaky_path_e, co_window_2corner, co_window_2corner,
          co_window_paths_c, co_window_2corner, co_window_4corner_a,
          co_window_paths_d, glass_columns_b, glass_columns_b, uniq_jessica

Skill      XL: |  1  2 |
---------------+-------+-----
Short Blades   | 2 |  2.4
Fighting       | 3 |  3.1
Shields        | 3 |  3.1
Armour         | |  2.4

Action                   || total
-------------------------++-------
Melee: Rapier            ||    72
       Bite              ||    16
Armor: Scale mail        ||    20
Dodge: Dodged            ||    10
Block: Tower shield      ||    45

Table legend: (Time is in decaauts)
 A = Elapsed time spent in this place.
 B = Non-inter-level travel time spent in this place.
 C = Inter-level travel time spent in this place.
 D = Time resting spent in this place.
 E = Time spent auto-exploring this place.
 F = Levels seen in this place.
 G = Mean time per level.
                   A        B        C        D        E       F      G
               +--------+--------+--------+--------+--------+-----+--------+
         Total |   2245 |   2154 |     91 |    653 |   1228 |   2 | 1122.5 |
       Dungeon |   2245 |   2154 |     91 |    653 |   1228 |   2 | 1122.5 |
               +--------+--------+--------+--------+--------+-----+--------+

Top non-repeatable levels by time:
     D:1: 1855 daAuts
     D:2: 389 daAuts
